 Dungeon Crawl Stone Soup version 0.22-a0-305-gd21a89c538 (webtiles) character file.

260 Oravi the Bolt Thrower (level 6, 0/37 HPs)
             Began as a Kobold Hunter on Mar 31, 2018.
             Slain by a phantom (8 damage)
             ... on level 4 of the Dungeon.
             The game lasted 00:11:53 (2374 turns).

Oravi the Bolt Thrower (Kobold Hunter)              Turns: 2374, Time: 00:11:53

Health: 0/37       AC:  5    Str: 12    XL:     6   Next: 41%
Magic:  6/6        EV: 15    Int: 12    God:
Gold:   205        SH:  0    Dex: 15    Spells: 5/5 levels left

rFire    + . .     SeeInvis .   A - -2 short sword (curse)
rCold    x . .     Gourm    .   (shield restricted)
rNeg     . . .     Faith    .   c - +0 leather armour
rPois    +         Spirit   .   (no helmet)
rElec    .         Reflect  .   (no cloak)
rCorr    .         Harm     .   o - +1 pair of gloves
MR       .....                  (no boots)
Stlth    ++........             (no amulet)
HPRegen  0.12/turn              p - ring of fire
MPRegen  0.10/turn              x - ring of poison resistance

@: no status effects
A: small, carnivore
a: no special abilities


You were on level 4 of the Dungeon.
You were very full.

You visited 1 branch of the dungeon, and saw 4 of its levels.

You collected 205 gold pieces.

Inventory:

Hand Weapons
 a - a +2 hand crossbow
 b - a +0 short sword
 A - a cursed -2 short sword (weapon)
Missiles
 d - 38 bolts
Armour
 c - a +0 leather armour (worn)
 o - a +1 pair of gloves (worn)
Jewellery
 p - a ring of fire (left hand)
 x - a ring of poison resistance (right hand)
Wands
 q - a wand of paralysis (11)
 s - a wand of random effects (23)
Scrolls
 m - 5 scrolls of identify
 t - a scroll of amnesia
Potions
 k - 2 potions of flight
Comestibles
 f - 4 rations
 v - 8 chunks of flesh


   Skills:
 - Level 3.1 Fighting
 + Level 2.5 Short Blades
 + Level 7.7 Crossbows
 + Level 2.9 Dodging
 - Level 1.3 Stealth


You had 5 spell levels left.
You didn't know any spells.

Dungeon Overview and Level Annotations

Branches:
Dungeon (4/15)
 Temple: D:4-7

Altars:
Kikubaaqudgha
Makhleb
Okawaru


Innate Abilities, Weirdness & Mutations

You are small and have problems with some larger weapons.
You are carnivorous and can eat meat at any time.


Message History

You hit the phantom but do no damage.
The phantom is moderately damaged.
The phantom hits you.
* * * LOW HITPOINT WARNING * * *
You barely miss the phantom.
The phantom is moderately damaged.
You feel a little less clever now. The phantom hits you.
* * * LOW HITPOINT WARNING * * *
You hit the phantom.
The phantom is moderately damaged.
The phantom misses you.
You closely miss the phantom.
The phantom is moderately damaged.
The phantom hits you but does no damage.
Okay, then.
You closely miss the phantom.
The phantom is moderately damaged.
The phantom hits you!
You die...

#.#.##.#
*,,,,,,,,,,,,,,,
#.#.##.#
*,,,,,,**,*,****
#......#
*,,,,,,,,,*,,,,,
###.####
***********,**** #.#
####***** *,* #o#
#..,,,,,* *,* #.#
#.#*##*,*******,*
#.###.##†#*,**,,,,,,*
#.....)@#,,,,,,******
# #####.##W#*,**** ##
#.#*##*,* #.
#..o,,,,* ##
####***** # # #####
#...# #....


You could see a phantom.

Vanquished Creatures
  A hound (D:4)
  3 orc wizards (D:4)
  An orc priest (D:4)
  Jessica (D:2)
  3 adders
  An ooze (D:3)
  4 worms
  A leopard gecko (D:4)
  9 orcs
  4 bats
  2 giant cockroaches
  3 goblins
  2 hobgoblins
  6 kobolds
  3 quokkas (D:3)
  A ball python (D:2)
  2 frilled lizards
  A jackal skeleton (D:4)
  A quokka zombie (D:3)
  2 rats
51 creatures vanquished.

Notes
Turn   | Place    | Note
-------+----------+-------------------------------------------
     0 | D:1      | Oravi the Kobold Hunter began the quest for the Orb.
     0 | D:1      | Reached XP level 1. HP: 12/12 MP: 1/1
   167 | D:1      | Reached skill level 5 in Crossbows
   333 | D:1      | Reached XP level 2. HP: 7/17 MP: 2/2
   964 | D:2      | Noticed Jessica
   969 | D:2      | Killed Jessica
   969 | D:2      | Reached skill level 1 in Short Blades
   969 | D:2      | Reached skill level 6 in Crossbows
   969 | D:2      | Reached XP level 3. HP: 21/22 MP: 3/3
  1426 | D:3      | Reached XP level 4. HP: 27/27 MP: 4/4
  1606 | D:3      | Found a burning altar of Makhleb.
  1673 | D:3      | Found an iron altar of Okawaru.
  1752 | D:3      | Found an ancient bone altar of Kikubaaqudgha.
  2062 | D:4      | Reached XP level 5. HP: 32/32 MP: 5/5
  2251 | D:4      | Reached skill level 7 in Crossbows
  2314 | D:4      | Noticed a phantom
  2335 | D:4      | Reached XP level 6. HP: 8/37 MP: 6/6
  2374 | D:4      | Slain by a phantom

Vault maps used:
D:1:      co_arrival_two_rings
D:2:      uniq_jessica
D:3:      nicolae_overflow_hidden_temple, lemuel_round_altar,
          old_standard_altar, first_ration
D:4:      hangedman_minor_gate_pass

Skill      XL: |  1  2  3  4  5  6 |
---------------+-------------------+-----
Crossbows      | 5 6 7 |  7.7
Short Blades   | 1 2 |  2.5
Fighting       | 3 |  3.1
Dodging        | |  2.9
Stealth        | |  1.3

Action                   |  1- 3 |  4- 6 || total
-------------------------+-------+-------++-------
Melee: Short sword       |    29 |    96 ||   125
 Fire: Hand crossbow     |    25 |    62 ||    87
  Use: Scroll            |       |     9 ||     9
       Potion            |       |     8 ||     8
 Stab: Sleeping          |     1 |       ||     1
  Eat: Chunk             |     8 |     4 ||    12
Armor: Leather armour    |     6 |    20 ||    26
       Skin              |       |    29 ||    29
Dodge: Dodged            |    20 |    53 ||    73

Table legend:
 A = Spawn XP
 B = Non-spawn XP
 C = Spawn XP percentage of total XP
 D = Spawn monster count
 E = Non-spawn monster count
 F = Spawn count percentage of total count
 G = Total turns spent on level
                    A         B        C        D         E        F      G
               +---------+---------+-------+---------+---------+-------+---------
         Total |       0 |     372 |   0.0 |       0 |      51 |   0.0 |  2374
               +---------+---------+-------+---------+---------+-------+---------
           D:1 |       0 |      11 |   0.0 |       0 |       6 |   0.0 |   843
           D:2 |       0 |      53 |   0.0 |       0 |       9 |   0.0 |   511
           D:3 |       0 |      72 |   0.0 |       0 |      20 |   0.0 |   707
           D:4 |       0 |     236 |   0.0 |       0 |      16 |   0.0 |   313
               +---------+---------+-------+---------+---------+-------+---------
